HSSL
MAIZE HS @ OCEANSIDE HS PIRATES
05/05/2024
 
TOP OF THE 1ST
Maize HS batting - Pitching for Oceanside HS Pirates : LHP Will Baker
Pitching: LHP Will Baker
Batting: RHB Lawrence Howard 0-0: Called Strike
0-1: Ball
1-1: Ball
2-1: Swinging Strike
2-2: Ball
3-2: Base on Balls
Batting: RHB Jorge Molina 0-0: Ball
1-0: Hit by Pitch
Lawrence Howard to second
Batting: LHB Carl Hodge 0-0: Called Strike
0-1: Ball
1-1: Fly out, F7 (Flyball, 7M)
Batting: RHB Ryan Jackson 0-0: Ball
Lawrence Howard steals 3rd base
Jorge Molina to second
1-0: SINGLE (Line Drive, 6D)
Lawrence Howard scores
Jorge Molina to third
Batting: SHB Ricardo Gómez 0-0: Ball
1-0: Ball
2-0: Called Strike
2-1: Called Strike
2-2: Ball
3-2: Base on Balls
Ryan Jackson to second
Batting: RHB Raúl González 0-0: Ball
1-0: Called Strike
1-1: Ball
2-1: Foul Ball, location: 2F
2-2: Ball
3-2: Base on Balls
Jorge Molina scores
Ryan Jackson to third
Ricardo Gómez to second
Batting: RHB Lorenzo Hernández 0-0: Ball
1-0: Foul Ball, location: 2F
1-1: Foul Ball, location: 2F
1-2: Ball
2-2: Ball
3-2: Foul Ball, location: 2F
3-2: Fly out, F5 (Popup, 5S)
Batting: LHB James Macías 0-0: Ball
1-0: Fly out, F7 (Flyball, 7LM)
Top of the 1st over - 2 run(s), 1 hit(s), 0 error(s), 3 left on base; Maize HS 2 - Oceanside HS 0
BOTTOM OF THE 1ST
Oceanside HS Pirates batting - Pitching for Maize HS : RHP Norbert Patterson
Pitching: RHP Norbert Patterson
Batting: RHB Stan Taylor 0-0: Called Strike
0-1: Ball
1-1: Fly out, F8 (Flyball, 8LM)
Batting: SHB Ryan Holcomb 0-0: Ball
1-0: Called Strike
1-1: Ball
2-1: Swinging Strike
2-2: Strikes out swinging
Batting: LHB Chris Goodwin 0-0: Foul Ball, location: 2F
0-1: Ball
1-1: Ball
2-1: Ball
3-1: Base on Balls
Batting: LHB Jon Quinn 0-0: Ball
1-0: SINGLE (Groundball, 6MD)
Chris Goodwin to second
Batting: RHB Jeffery Evans 0-0: Ball
1-0: Foul Ball, location: 2F
1-1: Swinging Strike
1-2: Strikes out looking
Bottom of the 1st over - 0 run(s), 1 hit(s), 0 error(s), 2 left on base; Maize HS 2 - Oceanside HS 0
TOP OF THE 2ND
Maize HS batting - Pitching for Oceanside HS Pirates : LHP Will Baker
Batting: LHB Will Chapman 0-0: Called Strike
0-1: Called Strike
0-2: Ball
1-2: Foul Ball, location: 2F
1-2: Foul Ball, location: 2F
1-2: Foul Ball, location: 2F
1-2: Reached on error, E6 (Groundball, 6MD)
Batting: RHB Lawrence Howard 0-0: Ball
1-0: Foul Ball, location: 2F
1-1: Ball
2-1: Called Strike
2-2: Fly out, F2 (Popup, 2R)
Batting: RHB Jorge Molina 0-0: Ball
Wild Pitch!
Will Chapman to third
1-0: Ground out 6-3 (Groundball, 6)
Will Chapman scores
Batting: LHB Carl Hodge 0-0: Called Strike
0-1: Ball
1-1: Ball
2-1: Ball
3-1: Base on Balls
Batting: RHB Ryan Jackson 0-0: Ball
1-0: Ball
2-0: Called Strike
2-1: Ball
3-1: Fly out, F8 (Flyball, 8LM)
Top of the 2nd over - 1 run(s), 0 hit(s), 1 error(s), 1 left on base; Maize HS 3 - Oceanside HS 0
BOTTOM OF THE 2ND
Oceanside HS Pirates batting - Pitching for Maize HS : RHP Norbert Patterson
Batting: LHB Michael Hanson 0-0: Foul Ball, location: 2F
0-1: Ground out 4-3 (Groundball, 4)
Batting: RHB Juan Reyes 0-0: SINGLE (Groundball, 56D)
Batting: RHB Bill Davis 0-0: Ball
1-0: Ball
2-0: Foul Ball, location: 2F
2-1: Reached on error, E1 (Groundball, 15)
Juan Reyes to second
Batting: LHB Greg Sharpe 0-0: Ball
1-0: Foul Ball, location: 2F
1-1: Fielders Choice at 2nd, 6-4 (Groundball, 6)
Juan Reyes to third
Batting: RHB Stan Taylor 0-0: Ball
1-0: Swinging Strike
1-1: Ball
2-1: Foul Ball, location: 2F
2-2: SINGLE (Line Drive, 34)
Juan Reyes scores
Greg Sharpe to second
Throwing error, E9
Greg Sharpe scores
Stan Taylor to second
Batting: SHB Ryan Holcomb 0-0: Ball
1-0: Ball
2-0: Called Strike
2-1: Ball
3-1: Base on Balls
Batting: LHB Chris Goodwin 0-0: Ground out 4-3 (Groundball, 34)
Bottom of the 2nd over - 2 run(s), 2 hit(s), 2 error(s), 2 left on base; Maize HS 3 - Oceanside HS 2
TOP OF THE 3RD
Maize HS batting - Pitching for Oceanside HS Pirates : LHP Will Baker
Batting: SHB Ricardo Gómez 0-0: Ball
1-0: Ball
2-0: Called Strike
2-1: Ball
3-1: SINGLE (Flyball, 9LS)
Batting: RHB Raúl González 0-0: Called Strike
0-1: Fly out, F4 (Popup, 4MD)
Batting: RHB Lorenzo Hernández 0-0: Ball
1-0: Ball
2-0: Foul Ball, location: 2F
2-1: Called Strike
2-2: Strikes out swinging
Batting: LHB James Macías 0-0: Foul Ball, location: 2F
0-1: Ball
1-1: Ball
2-1: Swinging Strike
2-2: Strikes out swinging
Top of the 3rd over - 0 run(s), 1 hit(s), 0 error(s), 1 left on base; Maize HS 3 - Oceanside HS 2
BOTTOM OF THE 3RD
Oceanside HS Pirates batting - Pitching for Maize HS : RHP Norbert Patterson
Batting: LHB Jon Quinn 0-0: Ball
1-0: Ball
2-0: Ball
3-0: Base on Balls
Batting: RHB Jeffery Evans 0-0: Called Strike
0-1: Foul Ball, location: 2F
0-2: Strikes out looking
Batting: LHB Michael Hanson 0-0: Ball
1-0: Called Strike
1-1: Ball
2-1: Swinging Strike
2-2: Fielders Choice at 2nd, 5-4 (Groundball, 56)
Batting: RHB Juan Reyes 0-0: Fly out, F8 (Flyball, 8RS)
Bottom of the 3rd over - 0 run(s), 0 hit(s), 0 error(s), 1 left on base; Maize HS 3 - Oceanside HS 2
TOP OF THE 4TH
Maize HS batting - Pitching for Oceanside HS Pirates : LHP Will Baker
Batting: LHB Will Chapman 0-0: Called Strike
0-1: Swinging Strike
0-2: Ground out 6-3 (Groundball, 6)
Batting: RHB Lawrence Howard 0-0: Ball
1-0: Fly out, F8 (Line Drive, 8LM)
Batting: RHB Jorge Molina 0-0: Ball
1-0: Called Strike
1-1: Ball
2-1: Reached on Error, E8 (Flyball, 8LM)
Pitching: RHP Thomas Hoffman
Batting: LHB Carl Hodge 0-0: Swinging Strike
0-1: SINGLE (Groundball, 13) (infield hit)
Jorge Molina to third
Batting: RHB Ryan Jackson 0-0: Called Strike
0-1: Ball
1-1: Foul Ball, location: 2F
1-2: Ball
2-2: Ball
3-2: Fly out, F4 (Popup, 34D)
Top of the 4th over - 0 run(s), 1 hit(s), 1 error(s), 2 left on base; Maize HS 3 - Oceanside HS 2
BOTTOM OF THE 4TH
Oceanside HS Pirates batting - Pitching for Maize HS : RHP Norbert Patterson
Batting: RHB Bill Davis 0-0: Ball
1-0: SINGLE (Groundball, 4M)
Batting: LHB Greg Sharpe 0-0: Foul Ball, location: 2F
0-1: Swinging Strike
0-2: Ball
1-2: Ball
2-2: Ball
3-2: Foul Ball, location: 2F
3-2: Reached on error, E5 (Groundball, 56)
Bill Davis to second
Batting: RHB Stan Taylor 0-0: Called Strike
0-1: Ball
1-1: Fly out, F9 (Line Drive, 89M)
Batting: SHB Ryan Holcomb 0-0: Fly out, F8 (Flyball, 8RM)
Batting: LHB Chris Goodwin 0-0: Ball
1-0: Swinging Strike
1-1: Ball
2-1: Ball
Passed Ball!
Bill Davis to third
Greg Sharpe to second
3-1: Foul Ball, location: 2F
3-2: Base on Balls
Batting: LHB Jon Quinn 0-0: Swinging Strike
0-1: Called Strike
0-2: Ball
1-2: Ball
Wild Pitch!
Bill Davis scores
Greg Sharpe to third
Chris Goodwin to second
2-2: Ball
3-2: Base on Balls
Batting: RHB Jeffery Evans 0-0: Called Strike
0-1: Foul Ball, location: 2F
0-2: Ball
1-2: Ball
2-2: Ball
3-2: Ground out 1-3 (Groundball, 15S)
Bottom of the 4th over - 1 run(s), 1 hit(s), 1 error(s), 3 left on base; Maize HS 3 - Oceanside HS 3
TOP OF THE 5TH
Maize HS batting - Pitching for Oceanside HS Pirates : RHP Thomas Hoffman
Batting: SHB Ricardo Gómez 0-0: Ball
1-0: Fly out, F7 (Flyball, 7M)
Batting: RHB Raúl González 0-0: Ball
1-0: Ball
2-0: Called Strike
2-1: Ball
3-1: Called Strike
3-2: Fly out, F8 (Flyball, 8RM)
Batting: RHB Lorenzo Hernández 0-0: Called Strike
0-1: Fly out, F4 (Popup, 34)
Top of the 5th over - 0 run(s), 0 hit(s), 0 error(s), 0 left on base; Maize HS 3 - Oceanside HS 3
BOTTOM OF THE 5TH
Oceanside HS Pirates batting - Pitching for Maize HS : RHP Norbert Patterson
Pitching: RHP John Gill
Batting: LHB Michael Hanson 0-0: Ball
1-0: Called Strike
1-1: Ball
2-1: Foul Ball, location: 2F
2-2: Foul Ball, location: 2F
2-2: SINGLE (Groundball, 5S) (infield hit)
Batting: RHB Juan Reyes 0-0: Foul Ball, location: 2F
0-1: Ball
1-1: Fly out, F6 (Popup, 6S)
Batting: RHB Bill Davis 0-0: Called Strike
Michael Hanson steals 2nd base
0-1: Called Strike
0-2: Reached on Error, E6 (Popup, 4MD)
Michael Hanson to third
Batting: LHB Greg Sharpe 0-0: Ball
1-0: Called Strike
1-1: Fly out, F8 (Flyball, 8RM)
Runner from 3rd tags up, SCORES, no throw
Batting: RHB Stan Taylor 0-0: Swinging Strike
0-1: Ball
1-1: Ground out 6-3 (Groundball, 6)
Bottom of the 5th over - 1 run(s), 1 hit(s), 1 error(s), 1 left on base; Maize HS 3 - Oceanside HS 4
TOP OF THE 6TH
Maize HS batting - Pitching for Oceanside HS Pirates : RHP Thomas Hoffman
Batting: LHB James Macías 0-0: Called Strike
0-1: Ball
1-1: Ball
2-1: Foul Ball, location: 2F
2-2: Fly out, F3 (Popup, 3SF)
Batting: LHB Will Chapman 0-0: Called Strike
0-1: Foul Ball, location: 2F
0-2: Ball
1-2: Foul Ball, location: 2F
1-2: Fly out, F7 (Flyball, 7M)
Batting: RHB Lawrence Howard 0-0: Ball
1-0: Foul Ball, location: 2F
1-1: Reached on error, E6 (Groundball, 6)
Batting: RHB Jorge Molina 0-0: Ball
1-0: Ball
2-0: Foul Ball, location: 2F
2-1: Swinging Strike
2-2: Ball
3-2: Foul Ball, location: 2F
3-2: Fly out, F9 (Flyball, 89M)
Top of the 6th over - 0 run(s), 0 hit(s), 1 error(s), 1 left on base; Maize HS 3 - Oceanside HS 4
BOTTOM OF THE 6TH
Oceanside HS Pirates batting - Pitching for Maize HS : RHP John Gill
Batting: SHB Ryan Holcomb 0-0: Called Strike
0-1: Ball
1-1: Foul Ball, location: 2F
1-2: Ball
2-2: Ball
3-2: Strikes out swinging
Batting: LHB Chris Goodwin 0-0: Called Strike
0-1: Ball
1-1: Called Strike
1-2: Foul Ball, location: 2F
1-2: Fly out, F7 (Line Drive, 7LM)
Batting: LHB Jon Quinn 0-0: Ball
1-0: Foul Ball, location: 2F
1-1: Ball
2-1: Foul Ball, location: 2F
2-2: Foul Ball, location: 2F
2-2: Ball
3-2: Ground out 4-3 (Groundball, 34)
Bottom of the 6th over - 0 run(s), 0 hit(s), 0 error(s), 0 left on base; Maize HS 3 - Oceanside HS 4
TOP OF THE 7TH
Maize HS batting - Pitching for Oceanside HS Pirates : RHP Thomas Hoffman
Pitching: RHP Dennis Montés
Batting: LHB Carl Hodge 0-0: Foul Ball, location: 2F
0-1: Ball
1-1: Ball
2-1: Called Strike
2-2: Ball
3-2: Base on Balls
Batting: RHB Ryan Jackson 0-0: Called Strike
0-1: Ball
1-1: Swinging Strike
1-2: Strikes out swinging
Batting: SHB Ricardo Gómez 0-0: Foul Ball, location: 2F
0-1: Foul Ball, location: 2F
0-2: Strikes out swinging
Batting: RHB Raúl González 0-0: Called Strike
0-1: Ball
1-1: Ball
2-1: Called Strike
2-2: Foul Ball, location: 2F
2-2: Fly out, F7 (Flyball, 7LM)
Top of the 7th over - 0 run(s), 0 hit(s), 0 error(s), 1 left on base; Maize HS 3 - Oceanside HS 4
BOTTOM OF THE 7TH
Oceanside HS Pirates batting - Pitching for Maize HS : RHP John Gill
Pitching: RHP Russ Underwood
Batting: RHB Jeffery Evans 0-0: Fly out, F3 (Line Drive, 3)
Batting: LHB Michael Hanson 0-0: Ball
1-0: Called Strike
1-1: Called Strike
1-2: Foul Ball, location: 2F
1-2: Foul Ball, location: 2F
1-2: Ball
Single, Error in OF, E9, batter to second base
Batting: RHB Juan Reyes 0-0: Intentional Walk
Batting: RHB Bill Davis 0-0: Called Strike
0-1: Ball
1-1: Ball
2-1: Grounds into double play, 6-4-3 (Groundball, 6)
Bottom of the 7th over - 0 run(s), 1 hit(s), 1 error(s), 1 left on base; Maize HS 3 - Oceanside HS 4
TOP OF THE 8TH
Maize HS batting - Pitching for Oceanside HS Pirates : RHP Dennis Montés
Pitching: RHP Ed Castillo
Now at SS: Glen Madden
Now in RF: Miguel Maldonado
Batting: RHB Lorenzo Hernández 0-0: Called Strike
0-1: Foul Ball, location: 2F
0-2: Ball
1-2: Ground out 1-3 (Groundball, 23)
Batting: LHB James Macías 0-0: Called Strike
0-1: Foul Ball, location: 2F
0-2: Ball
1-2: Strikes out swinging
Batting: LHB Will Chapman 0-0: Ball
1-0: Ball
2-0: Swinging Strike
2-1: SINGLE (Line Drive, 4MD)
Batting: RHB Lawrence Howard 0-0: Reached on error, E4 (Groundball, 4)
Will Chapman to second
Batting: RHB Jorge Molina 0-0: Called Strike
0-1: Ball
1-1: Swinging Strike
1-2: Ball
2-2: Ball
3-2: Foul Ball, location: 2F
3-2: Ground out 4-3 (Groundball, 4)
Top of the 8th over - 0 run(s), 1 hit(s), 1 error(s), 2 left on base; Maize HS 3 - Oceanside HS 4
BOTTOM OF THE 8TH
Oceanside HS Pirates batting - Pitching for Maize HS : RHP Russ Underwood
Batting: LHB Greg Sharpe 0-0: Ball
1-0: Called Strike
1-1: Ground out U3 (Groundball, 3)
Batting: RHB Stan Taylor 0-0: Ball
1-0: Called Strike
1-1: SINGLE (Line Drive, 6M)
Batting: SHB Ryan Holcomb 0-0: Called Strike
0-1: Ball
1-1: Called Strike
Stan Taylor is caught stealing 2nd base
1-2: Ball
2-2: SINGLE (Flyball, 8RS)
Batting: LHB Chris Goodwin 0-0: Ball
Ryan Holcomb steals 2nd base
1-0: Foul Ball, location: 2F
1-1: Ball
2-1: Ball
3-1: Base on Balls
Batting: LHB Jon Quinn 0-0: Ball
1-0: Foul Ball, location: 2F
1-1: Foul Ball, location: 2F
1-2: Strikes out swinging
Bottom of the 8th over - 0 run(s), 2 hit(s), 0 error(s), 2 left on base; Maize HS 3 - Oceanside HS 4
TOP OF THE 9TH
Maize HS batting - Pitching for Oceanside HS Pirates : RHP Ed Castillo
Pitching: RHP Armando López
Now at 3B: Pete Woods
Batting: LHB Carl Hodge 0-0: Called Strike
0-1: Called Strike
0-2: Foul Ball, location: 2F
0-2: Ball
1-2: Strikes out looking
Batting: RHB Ryan Jackson 0-0: Called Strike
0-1: Fly out, F3 (Popup, 34S)
Batting: SHB Ricardo Gómez 0-0: Ball
1-0: Called Strike
1-1: Foul Ball, location: 2F
1-2: SINGLE (Line Drive, 6MD)
Batting: RHB Raúl González 0-0: Ball
1-0: Fly out, F4 (Popup, 4M)
Top of the 9th over - 0 run(s), 1 hit(s), 0 error(s), 1 left on base; Maize HS 3 - Oceanside HS 4
This league is powered by Out of the Park Baseball, the baseball management simulation game for PC, Mac and Linux
Saturday, April 9th, 2016 - OOTP Baseball 16.8 Build 38